 Dungeon Crawl Stone Soup version 0.31-a0-1405-g2bb1a01 (webtiles) character file.

Game seed: 7884340824575199585

149 samfromsteam the Trooper (level 5, -5/48 HPs)
             Began as a Minotaur Fighter on Dec 25, 2023.
             Succumbed to a kobold brigand's curare-tipped dart
             ... in a sewer.
             The game lasted 00:05:16 (2037 turns).

samfromsteam the Trooper (Minotaur Fighter)         Turns: 2037, Time: 00:05:16

Health: -5/48      AC: 12    Str: 23    XL:     5   Next: 9%
Magic:  4/4        EV:  6    Int:  5    God:
Gold:   165        SH:  4    Dex:  9    Spells: 4/4 levels left

rFire   . . .        a - +0 war axe
rCold   . . .        c - +0 buckler
rNeg    . . .        m - +0 plate armour
rPois   .            (helmet restricted)
rElec   .            (no cloak)
rCorr   .            (no gloves)
SInv    .            (no boots)
Will    .....        (no amulet) Stlth
                     (no ring)
HPRegen 0.28/turn    (no ring)
MPRegen 0.09/turn

%: no passive effects
@: brilliant, lethally poisoned (-5 -> -45), slowed, very slow
A: horns 2, retaliatory headbutt
a: no special abilities


You were in a sewer.
You visited 1 branch of the dungeon, and saw 3 of its levels.
You also visited: Sewer.

You collected 165 gold pieces.

Inventory:

Hand Weapons
 a - a +0 war axe (weapon)
Armour
 c - a +0 buckler (worn)
 m - a +0 plate armour (worn)
Scrolls
 b - a scroll of revelation {unknown}
 e - a scroll of enchant weapon {unknown}
 h - a scroll of poison {unknown}
 i - a scroll of butterflies {unknown}
 k - a scroll of identify {unknown}
 l - a scroll of amnesia {unknown}
Potions
 d - a potion of might
 g - a potion of haste {unknown}
 j - a potion of brilliance
 n - a potion of lignification {unknown}


   Skills:
 + Level 5.1 Fighting
 + Level 4.1 Axes
 + Level 4.9 Armour
 - Level 3.6 Shields


You had 4 spell levels left.
You didn't know any spells.
Your spell library contained the following spells:

 Spells                   Type           Power      Damage    Failure   Level
 Cigotuvi's Dreadful Rot  Necr/Alch/Air  0%         N/A       100%        2
 Ignite Poison            Fire/Alch      0%         N/A       100%        4
 Freezing Cloud           Conj/Ice/Air   0%         6-21      100%        5


Dungeon Overview and Level Annotations

Branches:
Dungeon (3/15)              Sewer (1/1)

Altars:
Sif Muna


Innate Abilities, Weirdness & Mutations

You have a pair of horns on your head.
You reflexively headbutt those who attack you in melee.


Message History

The river rat is severely wounded.
The river rat barely misses you.
You slash the river rat!
You kill the river rat!
A kobold brigand comes into view.
It is wielding a +0 short sword and quivering curare-tipped darts.
Unknown command.
The kobold brigand shouts!
The kobold brigand throws a curare-tipped dart.
The curare-tipped dart hits you.
You are poisoned.
You have difficulty breathing.
You feel yourself slow down.
You feel extremely sick.
You see here a rat corpse.
You feel very sick.
The kobold brigand throws a curare-tipped dart.
The curare-tipped dart hits you.
You are lethally poisoned!
You have difficulty breathing.
You feel as though you will be slow longer.
Sorry, you're not good enough to have a special ability.
It was a potion of brilliance.
You feel clever all of a sudden.
* * * LOW HITPOINT WARNING * * *
You feel extremely sick.
The kobold brigand throws a curare-tipped dart.
The curare-tipped dart hits you.
You are more poisoned.
You have difficulty breathing.
* * * LOW HITPOINT WARNING * * *
You feel as though you will be slow longer.
It was a potion of heal wounds.
You feel much better.
* * * LOW HITPOINT WARNING * * *
You feel extremely sick.
The kobold brigand throws a curare-tipped dart.
The curare-tipped dart hits you.
You are more poisoned.
You have difficulty breathing.
* * * LOW HITPOINT WARNING * * *
You feel as though you will be slow longer.
You die... #~~~~~~~.##~#.... ######~.###~#.P## #~.~.).## #~#.P~~ #~..~~†# #~##.## ##~####..~~.# #PPP

~~~~~~~..~~##
##~~
#########...#####
##
~...~~K~.~~~~~~~~
...~~.~@~†~~#####
~..~..~~.....#
~.~P~...~†...#
...~P...~~~~~#
~P...P.~~~...~.
~#~#.~..~.~.....#
#~#~..P~.P~.~~.#
# #≈≈....~P~~...~
#≈≈≈≈≈#~#..~~~.


You could see a kobold brigand.

Vanquished Creatures
  Ijyb (D:3)
  3 adders
  A river rat (Sewer)
  A worm (D:2)
  2 dart slugs (D:1)
  2 orcs (D:3)
  6 bats
  5 endoplasms
  7 giant cockroaches
  10 goblins
  5 hobgoblins (D:1)
  A jackal (Sewer)
  A quokka (D:2)
  11 ball pythons
  4 frilled lizards
  7 kobolds
  10 rats
77 creatures vanquished.

Notes
Turn   | Place    | Note
-------+----------+-------------------------------------------
     0 | D:1      | samfromsteam the Minotaur Fighter began the quest for the
                  | Orb.
     0 | D:1      | Reached XP level 1. HP: 19/19 MP: 0/0
   108 | D:1      | Found a faded altar of an unknown god.
   197 | D:1      | Reached XP level 2. HP: 27/27 MP: 1/1
   230 | D:1      | Reached skill level 4 in Fighting
   462 | D:1      | Reached XP level 3. HP: 33/33 MP: 2/2
  1086 | D:2      | Found a shimmering blue altar of Sif Muna.
  1292 | D:2      | Reached XP level 4. HP: 41/41 MP: 3/3
  1636 | D:3      | Noticed Ijyb
  1643 | D:3      | Killed Ijyb
  1899 | D:3      | Reached skill level 5 in Fighting
  1900 | D:3      | Found a glowing drain.
  1903 | Sewer    | Entered a sewer
  2002 | Sewer    | Reached XP level 5. HP: 48/48 MP: 4/4
  2035 | Sewer    | HP: 4/48 [asphyx]
  2037 | Sewer    | Succumbed to a kobold brigand's curare-tipped dart

Illustrated notes

Levels and vault maps discovered:
D:1:      shiori_arrival_elements, layout_basic,
          ebering_ecumenical_altar_petrified
D:2:      layout_loops_ring, basic_altar
D:3:      layout_loops_ring, mainiacjoe_sewer_entry_somewhere_in_here_1,
          nicolae_titane, uniq_ijyb
Sewer:    sewer_co_scattered_pipes

Skill      XL: |  1  2  3  4 |
---------------+-------------+-----
Fighting       | 4 5 |  5.1
Armour         | 4 |  4.9
Axes           | 3 4 |  4.1
Shields        | |  3.6

Action                     |  1- 3 |  4- 6 || total
---------------------------+-------+-------++-------
  Melee: War axe           |    89 |    79 ||   168
         Headbutt          |    13 |     5 ||    18
    Use: Potion            |       |     2 ||     2
   Stab: Distracted        |     1 |       ||     1
 Armour: Scale mail        |    40 |       ||    40
         Plate armour      |    17 |    51 ||    68
  Dodge: Dodged            |    33 |    23 ||    56
  Block: Buckler           |    25 |    15 ||    40

Table legend: (Time is in decaauts)
 A = Elapsed time spent in this place.
 B = Non-inter-level travel time spent in this place.
 C = Inter-level travel time spent in this place.
 D = Time resting spent in this place.
 E = Time spent auto-exploring this place.
 F = Levels seen in this place.
 G = Mean time per level.
                   A        B        C        D        E       F      G
               +--------+--------+--------+--------+--------+-----+--------+
         Total |   2102 |   2050 |     52 |    106 |   1445 |   4 |  525.5 |
       Dungeon |   1953 |   1901 |     52 |    106 |   1383 |   3 |  651.0 |
         Sewer |    148 |    148 |      0 |      0 |     62 |   1 |  148.0 |
               +--------+--------+--------+--------+--------+-----+--------+

Top non-repeatable levels by time:
     D:1: 860 daAuts
     D:2: 701 daAuts
     D:3: 391 daAuts
   Sewer: 148 daAuts
